 Dungeon Crawl Stone Soup version 0.31-a0-331-geda263fcf1 (webtiles) character file.

Game seed: 6581598611510639369

71 arthad the Shield-Bearer (level 4, -5/29 HPs)
             Began as a Gargoyle Fighter on July 20, 2023.
             Slain by a gnoll
             ... wielding a +1 vampiric halberd
              (7 damage)
             ... on level 2 of the Dungeon.
             The game lasted 00:04:42 (1424 turns).

arthad the Shield-Bearer (Gargoyle Fighter)         Turns: 1424, Time: 00:04:43

Health: -5/29      AC: 10    Str: 22    XL:     4   Next: 24%
Magic:  4/4        EV:  9    Int:  8    God:
Gold:   13         SH:  4    Dex:  9    Spells: 3/3 levels left

rFire   . . .        a - +0 flail
rCold   . . .        c - +0 buckler
rNeg    + . .        b - +0 scale mail
rPois   ∞            (no helmet)
rElec   +            (no cloak)
rCorr   .            (no gloves)
SInv    .            (no boots)
Will    .....        j - amulet of the acrobat Stlth
                     (no ring)
HPRegen 0.24/turn    (no ring)
MPRegen 0.09/turn

%: acrobat
@: mighty, attractive
A: sickness immunity, AC +3, negative energy resistance 1, electricity
resistance, torment resistance 1, petrification resistance
a: no special abilities


You were on level 2 of the Dungeon.
You visited 1 branch of the dungeon, and saw 2 of its levels.

You collected 39 gold pieces.
You spent 26 gold pieces at shops.

Inventory:

Hand Weapons
 a - a +0 flail (weapon)
 g - a +1 dagger of electrocution
Missiles
 n - an atropa-tipped dart
Armour
 b - a +0 scale mail (worn)
 c - a +0 buckler (worn)
Jewellery
 j - an amulet of the acrobat (around neck)
Talismans
 l - a maw talisman
 m - a maw talisman
Scrolls
 e - 2 scrolls of teleportation {unknown}
 f - 2 scrolls of enchant weapon {unknown}
 i - a scroll of fog {unknown}
 k - a scroll of noise {unknown}
 o - a scroll of vulnerability {unknown}


   Skills:
 + Level 3.9 Fighting
 + Level 2.7 Maces & Flails
 + Level 3.9 Armour
 + Level 4.0 Shields


You had 3 spell levels left.
You didn't know any spells.
Your spell library contained the following spells:

 Spells                   Type           Power      Damage    Failure   Level
 Blink                    Tloc           0%         N/A       90%         2
 Manifold Assault         Tloc           0%         N/A       100%        4


Dungeon Overview and Level Annotations

Branches:
Dungeon (2/15)

Altars:

Shops:
D:1 !!*


Innate Abilities, Weirdness & Mutations

You are immune to sickness and miasma.
Your stone body is resilient. (AC +3)
You are immune to poison.
You resist negative energy. (rN+)
You are resistant to electric shocks. (rElec)
You are resistant to unholy torment.
You are immune to petrification.


Message History

You barely miss the gnoll. The hobgoblin closely misses you.
The gnoll barely misses you. x2; You block the hobgoblin's attack.
You closely miss the gnoll. You block the hobgoblin's attack.
The gnoll hits you with a +1 vampiric halberd!
You are too injured to fight recklessly!
You are too injured to fight recklessly!
You are too injured to fight recklessly!
You are too injured to fight recklessly!
You are too injured to fight recklessly!
You are too injured to fight recklessly!
You are too injured to fight recklessly!
You are too injured to fight recklessly!
You are too injured to fight recklessly!
You are too injured to fight recklessly!
You are too injured to fight recklessly!
You are too injured to fight recklessly!
You are too injured to fight recklessly!
You are too injured to fight recklessly!
You are too injured to fight recklessly!
You are too injured to fight recklessly!
You are too injured to fight recklessly!
You are too injured to fight recklessly!
You are too injured to fight recklessly!
You are too injured to fight recklessly!
You are too injured to fight recklessly!
You are too injured to fight recklessly!
You are too injured to fight recklessly!
You are too injured to fight recklessly!
You feel very mighty all of a sudden. You block the hobgoblin's attack.
The gnoll hits you with a +1 vampiric halberd!
* * * LOW HITPOINT WARNING * * *
It was a potion of attraction.
You feel attractive to monsters. The gnoll hits you but does no damage.
The hobgoblin hits you but does no damage.
You barely miss the gnoll. The hobgoblin hits you.
* * * LOW HITPOINT WARNING * * *
The gnoll hits you with a +1 vampiric halberd!
You die...

.####.#.####.#.#
..........##...#
~~..#.#.#.######
≈~..#...#.#
≈~.....##.####
~~.###........
~......##.....
~......###########
......[# ##.....@#
.#.....# #....##gg..#
.......#
#....##........
#.######
#....##....#.#.
..##...###....##..###
# .###..........#....
..##..........#.####
#.##..........#.
#..###........#


You could see a gnoll and a hobgoblin.

Vanquished Creatures
  2 adders (D:2)
  A gnoll (D:2)
  A dart slug (D:2)
  2 ball pythons
  5 endoplasms
  5 giant cockroaches
  3 goblins
  2 hobgoblins
  8 kobolds
  2 quokkas (D:1)
  4 bats
  6 rats
41 creatures vanquished.

Notes
Turn   | Place    | Note
-------+----------+-------------------------------------------
     0 | D:1      | arthad the Gargoyle Fighter began the quest for the Orb.
     0 | D:1      | Reached XP level 1. HP: 14/14 MP: 1/1
   248 | D:1      | Reached XP level 2. HP: 19/19 MP: 2/2
   370 | D:1      | Found Atuweiw's Assorted Antiques.
   378 | D:1      | Bought a scroll labelled ZAJYEV OWOM for 26 gold pieces
   644 | D:1      | Found Dagijomn's Distillery.
   658 | D:1      | Found Weraud's Distillery.
   925 | D:2      | Reached XP level 3. HP: 23/23 MP: 3/3
  1130 | D:2      | Reached XP level 4. HP: 23/29 MP: 4/4
  1419 | D:2      | Reached skill level 4 in Shields
  1424 | D:2      | Slain by a gnoll

Illustrated notes

Levels and vault maps discovered:
D:1:      spicycebolla_arrival_ecumenical, layout_loops_corners, serial_shops,
          nicolae_shop_industrial_runoff, shop, shop
D:2:      wander_river, layout_basic

Skill      XL: |  1  2  3  4 |
---------------+-------------+-----
Shields        | 4 |  4.0
Fighting       | |  3.9
Maces & Flails | |  2.7
Armour         | |  3.9

Action                     |  1- 3 |  4- 6 || total
---------------------------+-------+-------++-------
  Melee: Flail             |   110 |    15 ||   125
  Throw: Dart              |     2 |     1 ||     3
    Use: Potion            |       |     2 ||     2
 Armour: Scale mail        |    57 |    10 ||    67
  Dodge: Dodged            |    47 |    11 ||    58
  Block: Buckler           |    29 |     4 ||    33

Table legend: (Time is in decaauts)
 A = Elapsed time spent in this place.
 B = Non-inter-level travel time spent in this place.
 C = Inter-level travel time spent in this place.
 D = Time resting spent in this place.
 E = Time spent auto-exploring this place.
 F = Levels seen in this place.
 G = Mean time per level.
                   A        B        C        D        E       F      G
               +--------+--------+--------+--------+--------+-----+--------+
         Total |   1466 |   1443 |     23 |     73 |   1011 |   2 |  733.0 |
       Dungeon |   1466 |   1443 |     23 |     73 |   1011 |   2 |  733.0 |
               +--------+--------+--------+--------+--------+-----+--------+

Top non-repeatable levels by time:
     D:1: 1004 daAuts
     D:2: 462 daAuts
